 Dungeon Crawl Stone Soup version 0.31-a0-848-gaac375c287 (webtiles) character file.

Game seed: 7262193344843637968

79337 jt the Warrior (level 16, -2/132 HPs)
             Began as a Formicid Shapeshifter on Oct 5, 2023.
             Was an Initiate of Gozag.
             Slain by an enormous slime creature (36 damage)
             ... on level 12 of the Dungeon.
             The game lasted 01:32:19 (24080 turns).

jt the Warrior (Formicid Shapeshifter)             Turns: 24080, Time: 01:32:20

Health: -2/132     AC: 24    Str: 30    XL:     16   Next: 11%
Magic:  0/25       EV: 15    Int: 10    God:    Gozag
Gold:   766        SH:  5    Dex: 16    Spells: 10/15 levels left

rFire   + . .        i - +6 demon trident (vamp)
rCold   + + .        A - +0 buckler
rNeg    + . .        X - melded +1 plate armour {rF+}
rPois   ∞            (helmet unavailable)
rElec   +            g - scarf {rC+ rF+}
rCorr   +            S - melded +0 pair of gloves
SInv    +            K - melded +2 pair of boots "Boryuga" {rElec}
Will    +++..        v - amulet of guardian spirit
Stlth   ++           U - ring of Cowardice {Wiz Will++}
HPRegen 0.42/turn    q - ring of the Seeker {rPois rC+ rCorr MP+9 Dex+4}
MPRegen 0.19/turn

%: guardian spirit, wizardry (x1)
@: statue-form, very slow
A: slow and powerful, torment resistance 1, permanent stasis, dig shafts and
tunnels, antennae 3, four strong arms, frail 1, passive freeze, strong 1
a: Dig, Shaft Self, Begin Untransformation, Renounce Religion, Potion Petition,
Call Merchant, Bribe Branch


You were on level 12 of the Dungeon.
You worshipped Gozag.
Gozag was pleased with you.
You were a living statue of rough stone.
You visited 5 branches of the dungeon, and saw 21 of its levels.
You also visited: Sewer, Bailey and Ice Cave.

You collected 7079 gold pieces.
You spent 2001 gold pieces at shops.
You paid 4312 gold pieces to Gozag.

Inventory:

Hand Weapons
 i - a +6 vampiric demon trident (weapon)
 y - a +4 halberd of freezing
 N - the +8 whip of the Scorching Gods {pain, +Blink}
   (You found it on level 3 of the Lair of Beasts)

   +Blink:    It lets you blink.
 R - a +0 arbalest of freezing
Missiles
 k - 40 poisoned darts (quivered)
 D - 36 boomerangs
 P - 7 curare-tipped darts
Armour
 g - a scarf of resistance (worn)
 r - the +1 robe of Incorporation {rC+ rN+ Regen+ Int+3}
   (You took it off a kobold on level 2 of the Dungeon)

   Int+3:     It affects your intelligence (+3).
   rC+:       It protects you from cold.
   rN+:       It protects you from negative energy.
   Regen+:    It increases your rate of health regeneration.
 A - a +0 buckler (worn)
 K - the +2 pair of boots "Boryuga" (melded) {rElec}
   (You found it on level 7 of the Dungeon)

   rElec:     It insulates you from electricity.
 S - a +0 pair of gloves (melded)
 X - a +1 plate armour of fire resistance (melded)
 Y - a +1 pair of boots of flying
 Z - a +2 cloak of stealth
Jewellery
 a - a ring of flight
 j - a +6 ring of dexterity
 q - the ring of the Seeker (right fist) {rPois rC+ rCorr MP+9 Dex+4}
   (You bought it in a shop on level 9 of the Dungeon)

   [ring of protection from cold]

   Dex+4:     It affects your dexterity (+4).
   rC+:       It protects you from cold.
   rPois:     It protects you from poison MP+9: It affects your magic capacity
   (+9).
   rCorr:     It protects you from acid and corrosion.
 t - a +6 ring of intelligence
 v - an amulet of guardian spirit (around neck)
 x - a ring of willpower
 Q - a ring of wizardry
 U - the ring of Cowardice (left fist) {Wiz Will++}
   (You bought it in a shop on level 9 of the Dungeon)

   [ring of wizardry]

   Wiz:       It improves your spell success rate.
   Will++:    It greatly increases your willpower.
Talismans
 c - a beast talisman
 d - a flux talisman
 B - a granite talisman (active)
 M - a serpent talisman
Wands
 n - a wand of iceblast (6)
 u - a wand of flame (43)
 w - a wand of polymorph (10)
 G - a wand of mindburst (12)
 I - a wand of digging (5)
 W - a wand of paralysis (3)
Scrolls
 e - 3 scrolls of fear
 h - 4 scrolls of vulnerability
 m - 8 scrolls of identify
 o - a scroll of immolation
 p - 2 scrolls of amnesia
 C - a scroll of revelation
 E - 2 scrolls of brand weapon
 F - a scroll of noise
 J - 2 scrolls of fog
 O - 3 scrolls of enchant armour
 V - a scroll of enchant weapon
Potions
 b - 4 potions of lignification
 f - 4 potions of ambrosia
 l - 3 potions of magic
 s - 4 potions of curing
 z - 5 potions of might
 H - a potion of heal wounds
 L - 6 potions of enlightenment
 T - 4 potions of brilliance


   Skills:
 - Level 16.8 Fighting
 - Level 1.0 Polearms
 - Level 3.0 Throwing
 - Level 6.0 Armour
 - Level 6.7 Dodging
 - Level 3.0 Stealth
 + Level 4.1 Shields
 - Level 14.4 Unarmed Combat
 - Level 6.0 Evocations
 + Level 14.1 Shapeshifting


You had 10 spell levels left.
You knew the following spells:

 Your Spells              Type           Power      Damage    Failure   Level
a - Passage of Golubria   Tloc           0%         N/A       83%         4
b - Apportation           Tloc           0%         N/A       17%         1

Your spell library contained the following spells:

 Spells                   Type           Power      Damage    Failure   Level
 Cigotuvi's Dreadful Rot  Necr/Pois/Air  0%         N/A       26%         2
 Jinxbite                 Hex            0%         N/A       26%         2
 Lesser Beckoning         Tloc           0%         N/A       26%         2
 Gell's Gravitas          Tloc           0%         N/A       45%         3
 Ozocubu's Armour         Ice            0%         N/A       45%         3
 Summon Guardian Golem    Hex/Summ       0%         N/A       45%         3
 Teleport Other           Tloc           0%         N/A       45%         3
 Tukima's Dance           Hex            0%         N/A       45%         3
 Dimensional Bullseye     Hex/Tloc       0%         N/A       83%         4
 Iskenderun's Mystic Bla  Conj/Tloc      0%         2d3       83%         4
 Agony                    Necr           0%         N/A       99%         5
 Alistair's Intoxication  Tmut/Pois      0%         N/A       99%         5
 Arcjolt                  Conj/Air       0%         1d10      99%         5
 Yara's Violent Unravell  Hex/Tmut       0%         3d3       99%         5
 Malign Gateway           Summ/Tloc      0%         N/A       100%        7
 Ozocubu's Refrigeration  Ice            0%         4d7       100%        7
 Maxwell's Capacitive Co  Air            0%         ∞         100%        8
 Vhi's Electric Charge    Tloc/Air       Unusable   N/A       N/A         4

Dungeon Overview and Level Annotations

Branches:
Dungeon (12/15)            Temple (1/1) D:7            Lair (5/5) D:9
  Swamp (1/4) Lair:2       Spider (0/4) Lair:3        Slime (0/5) Lair:4
    Orc (2/2) D:10            Elf (0/3) Orc:2         Sewer (visited)
 Bailey (visited)           IceCv (visited)

Altars:
Ashenzari
Cheibriados
Dithmenos
Elyvilon
Fedhas
Gozag
Hepliaklqana
Kikubaaqudgha
Makhleb
Nemelex Xobeh
Okawaru
Qazlal
Ru
Sif Muna
Trog
Uskayaw
Vehumet
Wu Jian
Xom
Yredelemnul
Zin
The Shining One

Shops:
D:9 =   Orc:2 *[=(   Lair:4 [

Annotations:
Orc:2 Saint Roka


Innate Abilities, Weirdness & Mutations

You are a living statue of rough stone.
Your actions are slow, but your melee attacks are powerful.
You are resistant to unholy torment.
Your equipment is partially melded.
You cannot be hasted, slowed, berserked, paralysed or teleported.
You can dig through walls and to a lower floor.
You are immune to poison.
You have a pair of large antennae on your head. (SInv)
Your four strong arms can wield two-handed weapons with a shield.
You are frail. (-10% HP)
A frigid envelope surrounds you and freezes all who hurt you.
Your muscles are strong. (Str +4, Int/Dex -1)


Message History

The slime creature is moderately wounded.
A slime creature comes into view.
You block the slime creature's attack.
You puncture the slime creature!
The slime creature is heavily wounded.
You block the slime creature's attack.
Two slime creatures merge to form a large slime creature.
You impale the large slime creature!!
The large slime creature is moderately wounded.
Two slime creatures merge to form an enormous slime creature.
The enormous slime creature hits you!!!
The enormous slime creature is very cold.
The enormous slime creature is moderately wounded.
You hit the enormous slime creature.
You feel better.
The enormous slime creature is moderately wounded.
The enormous slime creature hits you!! The enormous slime creature hits you!
The enormous slime creature is very cold.
The enormous slime creature is moderately wounded.
You barely miss the enormous slime creature.
The enormous slime creature is moderately wounded.
The enormous slime creature barely misses you.
The enormous slime creature hits you!!!
* * * LOW HITPOINT WARNING * * *
[a] - 368 gold - heal wounds, curing and magic [b] - 364 gold - resistance and might [c] - 160 gold - heal wounds and curing Purchase which effect?
You feel much better.
You feel better. The enormous slime creature hits you!
* * * LOW HITPOINT WARNING * * *
The enormous slime creature is very cold.
The enormous slime creature is moderately wounded.
The enormous slime creature closely misses you.
Okay, then.
Okay, then.
You impale the enormous slime creature!!
You feel better.
The enormous slime creature is heavily wounded.
The enormous slime creature hits you!!!
You die...
Your body crumbles into a pile of gold.

#.####.#... #.#.##
#.#.# #.#.# ## #.#.#
.### #.#.# ,,..#
#.#.# { #J# #.#.# {
#8# #######.#.# {
#[#####.......# {
#.......#######
##......# #. {
#..#...# #. #./#...#
#####.
................##
...................
....................


You could see an enormous slime creature.

Vanquished Creatures
  A thorn hunter (Swamp:1)
  Kirke (Lair:5)
  Gastronok (D:11)
  Donald (Orc:2)
  A frost giant (IceCv)
  An orc warlord (Orc:1)
  2 hydras
  4 two-headed ogres
  4 alligators
  A centaur warrior (D:11)
  11 death yaks
  3 orc high priests
  Sonja (Lair:5)
  3 goliath frogs (Swamp:1)
  A skyshark (Lair:2)
  Nergalle (D:11)
  2 swamp dragons (Swamp:1)
  A bog body (Lair:2)
  A lindwurm (Lair:4)
  4 orc knights
  2 cyclopes
  12 elephants
  3 orc sorcerers
  6 black mambas
  2 rust devils (D:6)
  Maurice (D:11)
  An ice statue (IceCv)
  A torpor snail (Lair:4)
  5 cane toads
  Psyche (D:11)
  3 kobold demonologists
  Jeremiah (D:7)
  8 rime drakes
  10 komodo dragons
  11 trolls
  A tyrant leech (Lair:2)
  9 polar bears
  4 hornets
  29 blink frogs
  A slime creature (D:12)
  2 dream sheep
  3 vampires
  12 spriggans (Lair:5)
  A culicivora (Lair:3)
  3 wyverns
  2 shadows
  2 basilisks (Lair:3)
  41 yaks
  3 steam dragons
  2 hogs (Lair:4)
  3 vampire mosquitoes (D:12)
  7 wargs
  3 acid dragons
  2 swamp worms (Swamp:1)
  Duvessa (D:6)
  8 water moccasins
  A sky beast (D:6)
  An ice beast (D:5)
  24 orc warriors
  A swamp drake (Swamp:1)
  6 black bears
  5 ogres
  37 wolves
  5 boggarts (Lair:5)
  7 centaurs
  7 kobold brigands
  3 phantoms
  12 bullfrogs
  A cane toad simulacrum (Lair:1)
  5 scorpions
  8 wights
  Dowan (D:6)
  10 killer bees (D:8)
  2 hounds
  9 orc priests
  6 jellies
  A gnoll bouda (D:5)
  3 iguanas
  21 orc wizards
  3 sleepcaps
  8 adders
  15 gnolls
  A river rat (Sewer)
  5 shadow imps
  A white imp (D:5)
  4 worms
  5 dart slugs
  70 orcs
  5 endoplasms
  9 goblins
  11 hobgoblins
  12 jackals
  38 kobolds
  9 quokkas
  10 ball pythons
  10 bats
  6 frilled lizards
  11 rats
660 creatures vanquished.

Vanquished Creatures (others)
  3 humans (Lair:5)
  A wolf (Lair:5)
4 creatures vanquished.

Grand Total: 664 creatures vanquished

Notes
Turn   | Place    | Note
-------+----------+-------------------------------------------
     0 | D:1      | jt the Formicid Shapeshifter began the quest for the Orb.
     0 | D:1      | Reached XP level 1. HP: 15/15 MP: 1/1
    46 | D:1      | Reached skill level 1 in Stealth
   120 | D:1      | Reached XP level 2. HP: 17/21 MP: 2/2
   334 | D:1      | Reached XP level 3. HP: 26/26 MP: 3/3
   954 | D:2      | Reached XP level 4. HP: 29/32 MP: 4/4
  1145 | D:2      | Reached skill level 1 in Armour
  1163 | D:2      | Identified the +1 robe of Incorporation {rC+ rN+ Regen+
                  | Int+3}
  1360 | D:2      | Reached skill level 2 in Fighting
  1395 | D:2      | Reached XP level 5. HP: 34/39 MP: 5/5
  1886 | D:3      | Found a blossoming altar of Fedhas.
  1886 | D:3      | Found a shadowy altar of Dithmenos.
  2219 | D:3      | Gained mutation: Your muscles are strong. (Str +4, Int/Dex
                  | -1) [potion of mutation]
  2219 | D:3      | Gained mutation: You are frail. (-10% HP) [potion of
                  | mutation]
  2219 | D:3      | Gained mutation: A frigid envelope surrounds you and
                  | freezes all who hurt you. [potion of mutation]
  2491 | D:4      | Reached skill level 3 in Fighting
  2491 | D:4      | Reached XP level 6. HP: 22/42 MP: 6/6
  2763 | D:4      | Found a broken altar of Ashenzari.
  2856 | D:4      | Found a transporter.
  2926 | D:4      | Noticed a kobold demonologist
  2927 | D:4      | Found a transporter.
  3112 | D:4      | Reached XP level 7. HP: 22/46 MP: 7/7
  3188 | D:5      | Entered Level 5 of the Dungeon
  3202 | D:5      | Reached skill level 1 in Evocations
  3211 | D:5      | Found an ornate altar of the Wu Jian Council.
  3528 | D:5      | Reached skill level 4 in Fighting
  3562 | D:5      | Reached skill level 5 in Shapeshifting
  3571 | D:5      | Reached XP level 8. HP: 36/54 MP: 8/8
  3572 | D:5      | Reached skill level 5 in Unarmed Combat
  3576 | D:5      | Got a torn book
  3775 | D:5      | Found a glowing drain.
  3789 | Sewer    | Entered a sewer
  4129 | Sewer    | Learned a level 4 spell: Passage of Golubria
  4738 | D:6      | Reached skill level 5 in Fighting
  4869 | D:6      | Noticed Dowan
  4870 | D:6      | Noticed Duvessa
  5002 | D:6      | Reached XP level 9. HP: 42/55 MP: 9/9
  5218 | D:6      | Reached skill level 6 in Fighting
  5540 | D:6      | Found an opulent altar of Gozag.
  5572 | D:6      | Became a worshipper of Gozag Ym Sagoz the Greedy
  5737 | D:5      | Noticed a rust devil
  5737 | D:5      | Noticed a rust devil
  5942 | D:7      | Found a staircase to the Ecumenical Temple.
  5950 | D:7      | Reached skill level 5 in Dodging
  5954 | Temple   | Entered the Ecumenical Temple
  6061 | D:7      | Noticed a cyclops
  6072 | D:7      | Killed a cyclops
  6073 | D:7      | Reached skill level 7 in Fighting
  6073 | D:7      | Reached XP level 10. HP: 19/71 MP: 10/10
  6163 | D:7      | Noticed Jeremiah
  6171 | D:7      | Killed Jeremiah
  6425 | D:7      | Identified the +2 pair of boots "Boryuga" {rElec}
  6756 | D:7      | Found a sparkling altar of Nemelex Xobeh.
  7033 | D:8      | Reached skill level 8 in Fighting
  7161 | D:8      | Reached skill level 1 in Throwing
  7551 | D:8      | Reached skill level 9 in Fighting
  7919 | D:9      | Reached skill level 10 in Fighting
  7969 | D:9      | Reached XP level 11. HP: 70/82 MP: 11/11
  8000 | D:9      | Found a staircase to the Lair.
  8413 | D:9      | Noticed a two-headed ogre
  8437 | D:9      | Killed a two-headed ogre
  8438 | D:9      | Reached skill level 11 in Fighting
  8752 | D:9      | Found a glowing golden altar of the Shining One.
  8919 | Lair:1   | Entered Level 1 of the Lair of Beasts
  8942 | D:9      | Reached skill level 12 in Fighting
  9030 | Lair:1   | Found a frozen archway.
  9041 | IceCv    | Entered an ice cave
  9080 | IceCv    | Reached skill level 13 in Fighting
  9188 | IceCv    | Noticed a death yak
  9197 | IceCv    | Killed a death yak
  9414 | IceCv    | Reached skill level 14 in Fighting
  9490 | IceCv    | Noticed a death yak
  9503 | IceCv    | Killed a death yak
  9504 | IceCv    | Reached XP level 12. HP: 71/97 MP: 12/12
  9573 | IceCv    | Noticed a death yak
  9573 | IceCv    | Noticed a death yak
  9573 | IceCv    | Noticed a death yak
  9589 | IceCv    | Killed a death yak
  9589 | IceCv    | Killed a death yak
  9589 | IceCv    | Killed a death yak
  9590 | IceCv    | Reached skill level 15 in Fighting
  9709 | IceCv    | Noticed a death yak
  9731 | IceCv    | Killed a death yak
  9732 | IceCv    | Reached skill level 16 in Fighting
  9774 | IceCv    | Noticed a frost giant
  9786 | IceCv    | Killed a frost giant
 10158 | Lair:1   | Found a glowing silver altar of Zin.
 10797 | Lair:2   | Found a staircase to the Swamp.
 10820 | Lair:1   | Reached XP level 13. HP: 94/107 MP: 13/13
 11117 | Lair:2   | Noticed an eight-headed hydra
 11385 | D:10     | Entered Level 10 of the Dungeon
 11429 | D:10     | Found a staircase to the Orcish Mines.
 11455 | D:10     | Found a flagged portal.
 11473 | Bailey   | Entered a bailey
 11960 | D:10     | Found a transporter.
 12136 | D:10     | Identified the +0 scale mail of an ice cave {Str+3}
 12159 | D:10     | Found a hide-covered altar of Uskayaw.
 12232 | D:10     | Found a transporter.
 12244 | D:10     | Reached skill level 1 in Polearms
 12353 | D:10     | Found a shimmering altar of Xom.
 12851 | D:11     | Noticed Maurice
 12854 | D:11     | Noticed a centaur warrior
 12861 | D:11     | Killed a centaur warrior
 12871 | D:11     | Maurice stole a +4 trident of draining
 12880 | D:11     | Killed Maurice
 13064 | D:11     | Noticed Nergalle
 13125 | D:9      | Bought the ring of the Seeker {rPois rC+ rCorr MP+9 Dex+4}
                  | for 691 gold pieces
 13253 | Orc:1    | Entered Level 1 of the Orcish Mines
 13495 | Orc:1    | Reached skill level 5 in Evocations
 13957 | Orc:2    | Entered Level 2 of the Orcish Mines
 14006 | Orc:2    | Found Rejoed's General Store.
 14069 | Orc:2    | Found Hyxoo's Jewellery Shoppe.
 14083 | Orc:2    | Noticed an orc warlord
 14096 | Orc:1    | Killed an orc warlord
 14102 | Orc:1    | Reached skill level 5 in Armour
 14305 | Orc:1    | Reached skill level 10 in Unarmed Combat
 14553 | Orc:2    | Noticed Saint Roka
 14921 | Orc:2    | Found Saji's Antique Weapon Shop.
 14935 | Orc:2    | Reached XP level 14. HP: 113/113 MP: 14/14
 14981 | Orc:2    | Noticed Donald
 16181 | Lair:2   | Reached skill level 10 in Shapeshifting
 16540 | Lair:3   | Found a hole to the Spider Nest.
 17095 | Lair:3   | Identified the +8 whip of the Scorching Gods {pain, +Blink}
 17784 | Lair:4   | Found a staircase to the Slime Pits.
 18237 | Lair:4   | Reached XP level 15. HP: 106/119 MP: 15/15
 18277 | Lair:4   | Found an iron altar of Okawaru.
 18798 | Lair:5   | Entered Level 5 of the Lair of Beasts
 18801 | Lair:5   | Noticed Sonja
 18819 | Lair:5   | Killed Sonja
 18858 | Lair:5   | Noticed Kirke
 19024 | D:9      | Bought the ring of Cowardice {Wiz Will++} for 510 gold
                  | pieces
 19188 | D:4      | Learned a level 1 spell: Apportation
 19371 | D:6      | Killed Dowan
 19374 | D:6      | Killed Duvessa
 19889 | Lair:5   | Killed Kirke
 21377 | Swamp:1  | Entered Level 1 of the Swamp
 22146 | Swamp:1  | Noticed a thorn hunter
 22170 | Swamp:1  | Killed a thorn hunter
 22390 | D:9      | Bought a granite talisman for 800 gold pieces
 22498 | Orc:2    | Killed Donald
 22811 | Orc:2    | Found a staircase to the Elven Halls.
 22823 | Orc:2    | Found Gehepete's Antique Armour Shop.
 23108 | Orc:2    | Reached skill level 1 in Shields
 23376 | D:11     | Noticed Gastronok
 23389 | D:11     | Killed Gastronok
 23390 | D:11     | Reached XP level 16. HP: 106/126 MP: 16/16
 23425 | D:11     | Noticed Psyche
 23430 | D:11     | Killed Psyche
 23452 | D:11     | Killed Nergalle
 24080 | D:12     | Slain by an enormous slime creature

Illustrated notes

Levels and vault maps discovered:
D:1:      scummos_arrival_forest, layout_basic, minmay_pentomino_p4
D:2:      layout_basic, minmay_misc_feat_hallway
D:3:      layout_rooms, jmf_multi_god_temple, minivault_19
D:4:      gammafunk_wand_slinger, layout_basic, ashenzari_conservatory_becter
D:5:      cheibrodos_iron_armory, layout_gridville,
          nicolae_wu_jian_immortal_techniques, cheibrodos_sewer_entry_sluice,
          minmay_misc_feat_cross
D:6:      kb_forest_paths, layout_basic, overflow_temple_1_default,
          dreamdust_princess_corridor, uniq_duvessa
D:7:      layout_basic, lemuel_round_altar, minmay_temple_entry_purple_smoke,
          minmay_misc_feat_ornament, nicolae_lava_and_water, uniq_jeremiah
D:8:      layout_loops_cross
D:9:      layout_grid_maze, mainiacjoe_overflow_surrounded_room,
          dpeg_oklobed_lair, minivault_25
D:10:     layout_cave_pools, nicolae_uskayaw_dance_studio,
          general_overflow_altar, orc_0_dummy, enter_bailey_4,
          kennysheep_cluttered_room, hangedman_abyss_or_decor_lesser_grid,
          nicolae_diode_stairs
D:11:     layout_basic, hangedman_abyss_or_decor_slice, uniq_psyche,
          uniq_nergalle, uniq_maurice, uniq_gastronok
D:12:     minmay_spotlight, layout_basic
Temple:   compressed_dpeg_triangle_lava_temple
Lair:1:   layout_misc_corridors, basic_altar,
          portal_ice_cave_entry_ice_simulacra, chequers_serial_rivers_micro_c,
          lemuel_fruit_fields
Lair:2:   layout_cellular_growth, skrybe_swamp_entry_bodies
Lair:3:   layout_chaotic_city, spider_nest_entry_rubble
Lair:4:   layout_cave_pods, slime_entry_1, basic_altar
Lair:5:   minmay_lair_end_enchanted_forest, layout_cave_shapes,
          grunt_megastairs_1, uniq_sonja, uniq_kirke
Swamp:1:  dpeg_oklob_gauntlet, layout_basic_swamp, infiniplex_staircase_pool_2
Orc:1:    layout_caves, mines1_david
Orc:2:    grunt_orc_gardens, layout_caves, grunt_orc_garden, grunt_orc_garden,
          grunt_orc_garden, grunt_orc_garden, nicolae_volcano_entry_lava_flow,
          uniq_donald, uniq_saint_roka

Skill      XL: |  1  2  3  4  5  6  7  8  9 10 11 12 13 14 15 16 |
---------------+-------------------------------------------------+-----
Stealth        | 2 3 |  3.0
Armour         | 1 5 6 |  6.0
Fighting       | 2 3 4 5 7 10 14 16 | 16.8
Shapeshifting  | 4 5 6 7 8 11 13 14 | 14.1
Unarmed Combat | 4 5 7 8 10 12 14 | 14.4
Dodging        | 2 4 5 6 |  6.7
Evocations     | 3 6 |  6.0
Throwing       | 3 |  3.0
Polearms       | 1 |  1.0
Shields        | 2 4 |  4.1

Action                     |  1- 3 |  4- 6 |  7- 9 | 10-12 | 13-15 | 16-18 || total
---------------------------+-------+-------+-------+-------+-------+-------++-------
  Melee: Unarmed           |    89 |   149 |   175 |   280 |   954 |       ||  1647
         Punch             |     3 |     4 |    12 |    19 |     4 |       ||    42
         Demon trident     |       |       |       |       |    42 |    61 ||   103
   Fire: Sling             |       |     5 |     3 |    12 |     2 |       ||    22
         Arbalest          |       |       |       |       |    29 |       ||    29
  Throw: Stone             |       |    13 |    17 |    22 |       |       ||    52
         Dart              |       |       |     8 |    75 |     6 |       ||    89
         Boomerang         |       |       |       |     9 |       |       ||     9
   Cast: Apportation       |       |       |       |       |     4 |       ||     4
 Invoke: Potion Petition   |       |       |       |     2 |     5 |     1 ||     8
         Call Merchant     |       |       |       |     1 |     1 |       ||     2
Ability: Dig               |       |     2 |     5 |       |       |       ||     7
         Begin Untransform |       |       |     1 |       |       |       ||     1
  Evoke: Wand              |       |       |    17 |    21 |    13 |       ||    51
    Use: Scroll            |     1 |     2 |     7 |     6 |     4 |       ||    20
         Potion            |       |     4 |     6 |     7 |     3 |       ||    20
   Stab: Sleeping          |     2 |     9 |     3 |     6 |       |     2 ||    22
         Distracted        |       |       |     1 |     4 |    10 |     1 ||    16
         Invisible         |       |       |       |     7 |     5 |       ||    12
 Armour: Animal skin       |     6 |       |       |       |       |       ||     6
         Ring mail         |    32 |    26 |       |       |       |       ||    58
         Robe              |       |    52 |    86 |   177 |     6 |       ||   321
         Skin              |       |       |     1 |     7 |    43 |    51 ||   102
         Plate armour      |       |       |       |       |   846 |       ||   846
  Dodge: Dodged            |    48 |    73 |    75 |   173 |   473 |    70 ||   912
  Block: Buckler           |       |       |       |       |     6 |    27 ||    33
   Form: Beast             |       |       |     1 |       |     2 |       ||     3
         Flux              |       |       |       |       |     3 |       ||     3
         Statue            |       |       |       |       |     1 |       ||     1

Table legend: (Time is in decaauts)
 A = Elapsed time spent in this place.
 B = Non-inter-level travel time spent in this place.
 C = Inter-level travel time spent in this place.
 D = Time resting spent in this place.
 E = Time spent auto-exploring this place.
 F = Levels seen in this place.
 G = Mean time per level.
                   A        B        C        D        E       F      G
               +--------+--------+--------+--------+--------+-----+--------+
         Total |  24816 |  22443 |   2373 |   4415 |   9715 |  24 | 1034.0 |
       Dungeon |  12359 |  10880 |   1479 |   1410 |   5449 |  12 | 1029.9 |
        Temple |      7 |      7 |      0 |      6 |      0 |   1 |    7.0 |
          Lair |   6974 |   6375 |    599 |   1049 |   3108 |   5 | 1394.8 |
         Swamp |    672 |    639 |     33 |    398 |     38 |   1 |  672.0 |
  Orcish Mines |   2834 |   2573 |    261 |   1082 |    609 |   2 | 1417.0 |
         Sewer |    581 |    581 |      0 |    154 |    201 |   1 |  581.0 |
        Bailey |    436 |    436 |      0 |     16 |     86 |   1 |  436.0 |
      Ice Cave |    950 |    950 |      0 |    298 |    223 |   1 |  950.0 |
               +--------+--------+--------+--------+--------+-----+--------+

Top non-repeatable levels by time:
   Orc:1: 1816 daAuts
  Lair:3: 1677 daAuts
  Lair:2: 1656 daAuts
     D:6: 1624 daAuts
     D:9: 1536 daAuts
  Lair:4: 1325 daAuts
  Lair:5: 1243 daAuts
    D:11: 1238 daAuts
    D:10: 1082 daAuts
  Lair:1: 1071 daAuts
     D:7: 1064 daAuts
     D:8: 1050 daAuts
     D:5: 1019 daAuts
   Orc:2: 1017 daAuts
     D:2: 992 daAuts
